 Dungeon Crawl Stone Soup version 0.31-a0-145-g046c7d2549 (webtiles) character file.

Game seed: 2630499484206417734

2966199 snackwell the Slayer (level 27, 156/235 (240) HPs)
             Began as a Demonspawn Artificer on June 3, 2023.
             Was the Champion of Nemelex Xobeh.
             Escaped with the Orb
             ... and 5 runes on June 7, 2023!
             The game lasted 05:32:15 (78250 turns).

snackwell the Slayer (Demonspawn Artificer)        Turns: 78250, Time: 05:32:16

HP:   156/235 (240) AC: 34    Str: 32    XL:     27
MP:   37/37         EV: 31    Int: 10    God:    Nemelex Xobeh [******]
Gold: 2469          SH: 31    Dex: 21    Spells: 22/26 levels left

rFire   + . .        b - +8 mithril axe "Arga" {speed, Will+}
rCold   . . .        j - +3 kite shield {reflect}
rNeg    + . .        Z - +4 fire dragon scales
rPois   +            (helmet unavailable)
rElec   +            G - scarf of Compression {repulsion, Drain Regen+ SInv}
rCorr   .            h - +2 pair of gloves of Igha {rC+ Str+3 Int+3}
SInv    +            I - +2 pair of boots
Will    +++++        A - amulet of the Four Winds {rN+ Will+++ Clar}
Stlth   +            O - +5 ring of evasion
HPRegen 1.39/turn    J - ring of the Nine Spines {rElec rPois EV+5 Int-5 Dex+9}
MPRegen 0.25/turn

%: repel missiles, reflection, clarity
@: hasted, studying 2 skills, lightly drained, very quick
A: horns 3, large bone plates 3, icemail 2, powered by death 3, condensation
shield, corrupting presence 2, word of chaos, talons 1, clumsy 1, strong 1, heat
vulnerability 1
0: Orb of Zot
}: 5/15 runes: serpentine, barnacled, slimy, silver, abyssal
a: Word of Chaos, Renounce Religion, Draw Escape, Draw Destruction, Draw
Summoning, Draw Stack, Triple Draw, Deal Four, Stack Five


You escaped.
You worshipped Nemelex Xobeh.
Nemelex Xobeh was exalted by your worship.
You visited 11 branches of the dungeon, and saw 55 of its levels.
You visited the Abyss 1 time.
You also visited: Ice Cave.

You collected 9033 gold pieces.
You spent 6564 gold pieces at shops.

Inventory:

Hand Weapons
 a - the +8 sling of Excruciating Pain {speed, +Blink rN+ Int+2}
   (You found it on level 2 of the Dungeon)

   Int:       It affects your intelligence (+2).
   rN:        It protects you from negative energy.
   +Blink:    It lets you blink.
 b - the +8 mithril axe "Arga" (weapon) {speed, Will+}
   (You took it off a deep elf knight on level 3 of the Elven Halls)

   Will:      It increases your willpower.
Missiles
 N - 14 silver javelins
 R - 5 throwing nets
 S - 20 javelins
 V - 2 curare-tipped darts
Armour
 h - the +2 pair of gloves of Igha (worn) {rC+ Str+3 Int+3}
   (You acquired it on level 2 of the Vaults)

   Str:       It affects your strength (+3).
   Int:       It affects your intelligence (+3).
   rC:        It protects you from cold.
 j - a +3 kite shield of reflection (worn)
   (You bought it in a shop on level 2 of the Orcish Mines)
 G - the scarf of Compression (worn) {repulsion, Drain Regen+ SInv}
   (You bought it in a shop on level 2 of the Orcish Mines)

   SInv:      It lets you see invisible.
   Regen:     It increases your rate of health regeneration.
   Drain:     It drains your maximum health when unequipped.
 I - a +2 pair of boots (worn)
   (You found it on level 8 of the Dungeon)
 Z - +4 fire dragon scales (worn)
   (You found it on level 5 of the Lair of Beasts)
Jewellery
 i - a ring of protection from cold
   (You found it on level 1 of the Dungeon)
 A - the amulet of the Four Winds (around neck) {rN+ Will+++ Clar}
   (You bought it in a shop on level 8 of the Dungeon)

   [amulet of nothing]

   rN:        It protects you from negative energy.
   Clar:      It protects you from confusion, rage, mesmerisation and fear.
   Will:      It greatly increases your willpower.
 J - the ring of the Nine Spines (right hand) {rElec rPois EV+5 Int-5 Dex+9}
   (You bought it in a shop on level 8 of the Dungeon)

   [ring of evasion]

   EV:        It affects your evasion (+5).
   Int:       It affects your intelligence (-5).
   Dex:       It affects your dexterity (+9).
   rElec:     It insulates you from electricity.
   rPois:     It protects you from poison.
 O - a +5 ring of evasion (left hand)
   (You found it on level 11 of the Dungeon)
 T - the ring of Fiyza {rF+ rCorr}
   (You took it off a vault warden on level 5 of the Vaults)

   [ring of resist corrosion]

   rF:        It protects you from fire.
   rCorr:     It protects you from acid and corrosion.
Wands
 e - a wand of iceblast (2)
 x - a wand of digging (24)
   (You found it on level 6 of the Dungeon)
 B - a wand of roots (67)
   (You found it on level 5 of the Pits of Slime)
 E - a wand of mindburst (26)
   (You found it on level 7 of the Dungeon)
 M - a wand of quicksilver (41)
   (You found it on level 11 of the Dungeon)
 U - a wand of charming (39)
   (You found it on level 5 of the Lair of Beasts)
Scrolls
 g - a scroll of butterflies
 k - 7 scrolls of immolation
 n - 3 scrolls of magic mapping
 q - 3 scrolls of poison
 w - 16 scrolls of teleportation
 y - a scroll of silence
 K - 9 scrolls of blinking
 L - 4 scrolls of fog
 W - 12 scrolls of fear
Potions
 f - 6 potions of might
 l - 3 potions of cancellation
 m - 5 potions of haste
 s - 2 potions of berserk rage
 t - 10 potions of heal wounds
 v - 4 potions of invisibility
 z - 3 potions of ambrosia
 C - 20 potions of curing
 D - 10 potions of mutation
 F - 9 potions of enlightenment
 H - 15 potions of lignification
 Q - 2 potions of resistance
Miscellaneous
 d - a lightning rod (4/4)
   (You found it on level 1 of the Snake Pit)
 o - a condenser vane
   (You found it in an ice cave)
 p - a phantom mirror
   (You found it on level 4 of the Shoals)
 u - a phial of floods
   (You found it in an ice cave)
 P - a box of beasts
   (You found it on level 15 of the Dungeon)


   Skills:
 + Level 24.9 Fighting
 - Level 15.3(18.0) Axes
 - Level 15.5(18.1) Maces & Flails
 - Level 6.3 Ranged Weapons
 - Level 5.8 Throwing
 + Level 18.6 Armour
 - Level 15.6 Dodging
 - Level 8.1 Stealth
 - Level 17.7 Shields
 - Level 9.0 Necromancy
 - Level 8.0 Translocations
 - Level 8.0 Transmutations
 - Level 8.0 Earth Magic
 + Level 21.3 Invocations
 - Level 12.0 Evocations


You had 22 spell levels left.
You knew the following spells:

 Your Spells              Type           Power      Damage    Failure   Level
a - Blink                 Tloc           32%        N/A       4%          2
w - Passwall              Tmut/Erth      13%        N/A       4%          2

Your spell library contained the following spells:

 Spells                   Type           Power      Damage    Failure   Level
 Sandblast                Erth           32%        2d9       3%          1
 Sublimation of Blood     Necr           18%        N/A       3%          2
 Lesser Beckoning         Tloc           32%        N/A       4%          2
 Vampiric Draining        Necr           18%        2d7       6%          3
 Gell's Gravitas          Tloc           16%        N/A       9%          3
 Teleport Other           Tloc           16%        N/A       9%          3
 Kiss of Death            Conj/Necr      36%        2d8       13%         1
 Sting                    Tmut/Pois      32%        1d4       16%         1
 Animate Dead             Necr           18%        N/A       21%         4
 Dispel Undead            Necr           18%        3d11      21%         4
 Momentum Strike          Conj/Tloc      16%        3d8       24%         2
 Petrify                  Tmut/Erth      16%        N/A       30%         4
 Cigotuvi's Dreadful Rot  Necr/Pois/Air  12%        N/A       34%         2
 Portal Projectile        Hex/Tloc       16%        N/A       43%         3
 Spider Form              Tmut/Pois      8%         N/A       43%         3
 Stone Arrow              Conj/Erth      16%        3d8       43%         3
 Vhi's Electric Charge    Tloc/Air       16%        N/A       43%         3
 Borgnjor's Vile Clutch   Necr/Erth      8%         N/A       56%         5
 Freeze                   Ice            0%         1d3       63%         1
 Magic Dart               Conj           0%         1d3       63%         1
 Shock                    Conj/Air       0%         1d3       63%         1
 Slow                     Hex            0%         N/A       63%         1
 Summon Small Mammal      Summ           0%         N/A       63%         1
 Ignite Poison            Fire/Tmut/Pois 5%         N/A       63%         3
 Blade Hands              Tmut           8%         N/A       63%         5
 Lee's Rapid Deconstruct  Erth           8%         3d7*      63%         5
 Call Imp                 Summ           0%         N/A       77%         2
 Ensorcelled Hibernation  Hex/Ice        0%         N/A       77%         2
 Poisonous Vapours        Pois/Air       0%         N/A       77%         2
 Scorch                   Fire           0%         2d5       77%         2
 Searing Ray              Conj           0%         2d4       77%         2
 Anguish                  Hex/Necr       4%         N/A       77%         4
 Animate Armour           Summ/Erth      16%        N/A       83%         4
 Ice Form                 Ice/Tmut       8%         N/A       83%         4
 Leda's Liquefaction      Hex/Erth       4%         N/A       83%         4
 Call Canine Familiar     Summ           0%         N/A       94%         3
 Confusing Touch          Hex            0%         N/A       94%         3
 Frozen Ramparts          Ice            0%         1d1       94%         3
 Hailstorm                Conj/Ice       0%         3d3       94%         3
 Inner Flame              Hex/Fire       0%         N/A       94%         3
 Mephitic Cloud           Conj/Pois/Air  0%         N/A       94%         3
 Ozocubu's Armour         Ice            0%         N/A       94%         3
 Summon Guardian Golem    Hex/Summ       0%         N/A       94%         3
 Swiftness                Air            0%         N/A       94%         3
 Tukima's Dance           Hex            0%         N/A       94%         3
 Death Channel            Necr           9%         N/A       97%         6
 Alistair's Intoxication  Tmut/Pois      5%         N/A       99%         5
 Irradiate                Conj/Tmut      4%         3d13      99%         5
 Summon Forest            Summ/Tloc      4%         N/A       99%         5
 Statue Form              Tmut/Erth      10%        N/A       99%         6
 Airstrike                Air            0%         2d(0-16)  100%        4
 Cause Fear               Hex            0%         N/A       100%        4
 Flame Wave               Conj/Fire      0%         2d4       100%        4
 Fulminant Prism          Conj/Hex       0%         3d5       100%        4
 Sticky Flame             Conj/Fire      0%         2d3       100%        4
 Summon Ice Beast         Ice/Summ       0%         N/A       100%        4
 Summon Lightning Spire   Summ/Air       0%         N/A       100%        4
 Arcjolt                  Conj/Air       0%         1d10      100%        5
 Freezing Cloud           Conj/Ice/Air   0%         6-21      100%        5
 Iskenderun's Battlesphe  Conj           0%         2d6       100%        5
 Metabolic Englaciation   Hex/Ice        0%         N/A       100%        5
 Summon Mana Viper        Hex/Summ       0%         N/A       100%        5
 Conjure Ball Lightning   Conj/Air       0%         3x3d6     100%        6
 Leda's Unmaking          Conj/Erth      4%         9d2       100%        6
 Plasma Beam              Fire/Air       0%         2x1d10    100%        6
 Simulacrum               Ice/Necr       4%         N/A       100%        6
 Summon Cactus Giant      Summ           0%         N/A       100%        6
 Dragon Form              Tmut           8%         N/A       100%        7
 Enfeeble                 Hex            0%         N/A       100%        7
 Monstrous Menagerie      Summ           0%         N/A       100%        7
 Ozocubu's Refrigeration  Ice            0%         4d7       100%        7
 Spellforged Servitor     Conj/Summ      0%         N/A       100%        7
 Storm Form               Tmut/Air       4%         N/A       100%        7
 Borgnjor's Revivificati  Necr           9%         N/A       100%        8
 Discord                  Hex            0%         N/A       100%        8
 Disjunction              Tloc           8%         N/A       100%        8
 Ignition                 Fire           0%         3d3       100%        8
 Lehudib's Crystal Spear  Conj/Erth      4%         10d3      100%        8
 Necromutation            Tmut/Necr      8%         N/A       100%        8
 Death's Door             Necr           9%         N/A       100%        9
 Dragon's Call            Summ           0%         N/A       100%        9
 Polar Vortex             Ice            0%         N/A       100%        9


Dungeon Overview and Level Annotations

Branches:
Dungeon (15/15)            Temple (0/1) D:5            Lair (5/5) D:9
 Shoals (4/4) Lair:3        Snake (4/4) Lair:3        Slime (5/5) Lair:5
    Orc (2/2) D:12            Elf (3/3) Orc:2        Vaults (5/5) D:13
  Crypt (3/3) Vaults:3       Tomb (0/3) Crypt:3      Depths (4/4) D:15
    Zot (5/5) Depths:4      IceCv (visited)

Altars:
Ashenzari
Fedhas
Gozag
Hepliaklqana
Kikubaaqudgha
Makhleb
Nemelex Xobeh
Okawaru
Vehumet
Wu Jian
Yredelemnul
Jiyva
Lugonu

Shops:
D:7 =!*   D:8 (?=*!   D:9 *(   Orc:1 !   Orc:2 [![!   Shoals:4 ?   Snake:1 *
Snake:3 [([   Snake:4 ?=!(?   Vaults:1 :   Vaults:3 [   Vaults:5 =
Depths:3 ::=

Portals:
Hell: Depths:1 Depths:2 Depths:3 Depths:4
Abyss: Depths:1 Depths:3
Pandemonium: Depths:2
Ziggurat: Depths:2

Annotations:
Shoals:1 6 transporters
Elf:2 3 runed translucent doors
Vaults:3 3 runed translucent doors, Ziugimmo's ghost, veteran AtMo
Depths:1 3 runed translucent doors, Cagrigri's ghost, adept TrMo
Depths:3 1 runed translucent door
Zot:4 3 runed translucent doors, Goplog's ghost, master TeAE


Innate Abilities, Weirdness & Mutations

You have a pair of large horns on your head.
You are completely covered in large bone plates. (SH +8)
A meltable icy envelope protects you from harm. (AC +8)
You regenerate a lot of health from kills.
A meltable shield of frost defends you. (SH +4)
Your presence sometimes corrodes or deforms those you injure.
You can speak a Word of Chaos.
You have sharp toenails.
You are clumsy. (Dex -2)
Your muscles are strong. (Str +4, Int/Dex -1)
You are vulnerable to heat. (rF-)


Message History

Aiming: Passwall (safe; 4% risk of failure)
Press: ? - help, Dir - move target A rock wall.
This square is covered in magical glow.
You hear a grinding noise.
You begin to meditate on the wall.
You continue meditating on the rock.
You hear a grinding noise.
You continue meditating on the rock.
You finish merging with the rock.
Casting: Passwall (safe; 4% risk of failure)
Confirm with . or Enter, or press ? or * to list all spells.
Aiming: Passwall (safe; 4% risk of failure)
Press: ? - help, Dir - move target A rock wall.
This square is covered in magical glow.
You begin to meditate on the wall.
You continue meditating on the rock.
You hear a grinding noise.
You continue meditating on the rock.
You finish merging with the rock.
You start resting.
You hear a grinding noise. x2
Foteud hits you!
* * * LOW HITPOINT WARNING * * *
You climb upwards.
There is a stone staircase leading down here.
Unknown command.
Unknown command.
Unknown command.
You feel yourself speed up.
There is an open door here.
Magic restored.
Aiming: Dig
Press: ? - help, Shift-Dir - straight line, f - you Please select a direction to dig.
This square is covered in magical glow.
The rock shatters into small pieces.
Aiming: Dig
Press: ? - help, Shift-Dir - straight line You can't see that place. [a rock wall.]
The rock shatters into small pieces.
There is a staircase leading out of the dungeon here.
What are your orders? t - Shout!
Orders for allies: a - Attack new target. r - Retreat! s - Stop attacking. g - Guard the area. f - Follow me.
Anything else - Cancel.
You shout for attention!
You have escaped!

.## ##..>....##
##..###..# # ## ##.....##
##.....## ##...## ###.###
##'## #.# #.# #.# #.# #.#
# ##.## #.#
#########...## ########.#
.............###@#......#
#########...###...#.#####
# #........###..##
##.####### ###.## #.#
##.### #.# ##..## #.#
###.## #.# ##.## #.#
##.##


There were no monsters in sight!

Vanquished Creatures
  Dissolution (Slime:3)
  the Royal Jelly (Slime:5)
  A pandemonium lord (Zot:3)
  3 dread liches
  2 ancient liches
  3 orbs of fire
  3 juggernauts
  The ghost of Wefy the Gnoll Aeon, a legendary GnIE of Cheibriados (Zot:1)
  Bai Suzhen (Vaults:3)
  Vashnia (Snake:4)
  A curse toe (Zot:3)
  7 Killer Klowns
  Saint Roka (Crypt:2)
  12 golden dragons
  the Enchantress (Depths:1)
  5 bone dragons
  Jory (Depths:3)
  A Tzitzimitl (D:2)
  2 electric golems
  15 tentacled monstrosities
  23 Orb Guardians
  7 liches
  A deep elf blademaster (Elf:3)
  A walking divine tome (Depths:3)
  A walking frostbound tome (Depths:3)
  14 quicksilver dragons
  5 titans (Vaults:5)
  Asterion (Depths:2)
  3 deep elf master archers (Elf:3)
  Polyphemus (Shoals:3)
  An Executioner (D:7)
  4 sphinxes
  4 ancient champions
  A kraken (Shoals:4)
  15 acid blobs
  10 death cobs
  A thorn hunter (Abyss:3)
  7 tentacled starspawn (Abyss:3)
  Agnes (Elf:2)
  12 tengu reavers
  12 shadow dragons
  14 storm dragons
  Donald (Shoals:3)
  A revenant (Crypt:1)
  3 nagarajas
  17 rockslimes
  6 draconian monks
  11 azure jellies
  2 iron dragons
  3 frost giants
  8 draconian knights
  Aizul (Depths:1)
  14 fire giants
  13 vault wardens
  7 deep elf sorcerers
  A caustic shrike zombie (Abyss:3)
  7 ghouls
  5 draconian stormcallers
  2 ghost moths
  A balrug (Depths:1)
  2 draconian shifters
  3 curse skulls
  Louise (Elf:1)
  8 draconian scorchers
  4 draconian annihilators
  An orc warlord (Orc:2)
  An angel (Abyss:3)
  20 ironbound preservers
  The ghost of Drazool the Marksspriggan, an adept SpHu of Fedhas (Snake:3)
  3 deep elf elementalists
  12 stone giants
  3 war gargoyles
  10 reapers
  4 spriggan defenders
  14 quicksilver oozes
  A caustic shrike skeleton (Crypt:3)
  2 cacodemons
  9 ironbound thunderhulks
  25 very ugly things
  5 formless jellyfish
  8 deep elf demonologists
  9 deep elf annihilators
  8 white draconians
  11 green draconians
  14 black draconians
  A lorocyproca (Zot:3)
  A vampire knight (Depths:4)
  A spark wasp (shapeshifter) (Depths:4)
  12 purple draconians
  11 red draconians
  15 yellow draconians
  11 eidola
  5 dire elephants
  6 merfolk impalers
  5 spark wasps
  8 deep elf death magi
  6 jiangshi
  4 ettins
  A blizzard demon (Abyss:3)
  A mummy priest (Crypt:3)
  2 crystal guardians
  11 deep elf high priests
  4 merfolk javelineers
  Josephine (D:12)
  13 great orbs of eyes
  10 fire dragons
  10 yaktaur captains
  Harold (Lair:2)
  A salamander tyrant (Snake:4)
  2 entropy weavers
  2 rakshasas
  30 vault guards
  4 spriggan zombies
  16 ice dragons
  3 peacekeepers
  6 anacondas
  3 catoblepae
  6 spriggan air magi
  3 hydras
  An anaconda (shapeshifter) (Vaults:4)
  13 two-headed ogres
  4 merfolk avatars
  13 centaur warriors
  3 alligator snapping turtles (Shoals:4)
  11 ironbound frosthearts
  4 ogre magi
  3 spriggan skeletons
  3 death knights
  An Orb Guardian zombie (Crypt:1)
  2 merfolk aquamancers
  17 death yaks
  4 satyrs
  14 naga warriors
  8 deep troll shamans
  5 boulder beetles
  17 dancing weapons
  11 shock serpents
  9 thrashing horrors
  5 deep troll earth magi
  12 vampire magi
  12 deep elf knights
  5 orc high priests (Orc:2)
  11 tengu warriors
  2 spriggan berserkers
  2 sun demons (Depths:1)
  10 naga sharpshooters
  4 soul eaters (Crypt:3)
  7 iron trolls
  2 titan zombies
  Nergalle (Lair:3)
  16 hell knights
  17 skeletal warriors
  5 wretched stars (Abyss:3)
  A shadow wraith (Abyss:3)
  4 sixfirhies
  6 skysharks
  A titan skeleton (Crypt:2)
  4 salamander mystics
  A storm dragon skeleton (Crypt:3)
  38 deep trolls
  4 glowing orange brains
  An obsidian statue (Zot:5)
  3 flayed ghosts
  A bog body (Crypt:1)
  9 sea snakes
  15 starcursed masses
  2 swamp dragons
  8 naga ritualists
  A shadow dragon zombie (Crypt:3)
  17 harpies
  2 bunyip skeletons
  14 wizards
  15 ironbound convokers
  4 lindwurms
  7 orc knights
  20 deep elf archers
  25 deep elf pyromancers
  24 phantasmal warriors
  18 deep elf zephyrmancers
  24 necromancers
  A steelbarb worm (Orc:2)
  2 anaconda skeletons (Crypt:3)
  9 mana vipers
  53 ugly things
  6 wolf spiders
  A broodmother zombie (Crypt:2)
  14 fauns
  15 salamanders
  8 cyclopes
  A fire giant zombie (Crypt:1)
  5 orc sorcerers
  2 salamanders (shapeshifter)
  An iron dragon skeleton (Crypt:3)
  A goliath frog skeleton (Crypt:2)
  3 worldbinders (Abyss:3)
  8 shining eyes
  10 elephants
  24 moths of wrath
  19 manticores
  A faun (shapeshifter) (Depths:3)
  3 apocalypse crabs (Abyss:3)
  A rust devil (Abyss:2)
  12 guardian serpents
  2 ice statues (IceCv)
  A dire elephant zombie (Crypt:3)
  A centaur zombie (Crypt:3)
  A guardian serpent (shapeshifter) (D:15)
  4 water nymphs
  9 merfolk sirens
  A naga zombie (Crypt:3)
  49 black mambas
  A dire elephant skeleton (Crypt:3)
  9 smoke demons
  3 gargoyles
  13 naga magi
  4 eyes of devastation
  A centaur skeleton (Crypt:1)
  2 orange demons
  An unseen horror (D:11)
  A shock serpent skeleton (Crypt:2)
  11 cane toads
  Maggie (D:8)
  A komodo dragon (shapeshifter) (Vaults:5)
  23 vault sentinels
  A kobold demonologist (D:12)
  A tormentor (Abyss:3)
  An alligator snapping turtle skeleton (Crypt:1)
  6 tengu conjurers
  8 rime drakes
  11 yaktaurs
  A red draconian skeleton (Crypt:2)
  7 freezing wraiths
  8 komodo dragons
  An iron troll zombie (Crypt:1)
  3 efreet
  A red devil (Zot:3)
  2 human zombies (Vaults:4)
  2 guardian mummies (Crypt:3)
  A harpy zombie (Crypt:3)
  3 polar bears
  3 ancient zymes
  7 trolls
  13 hellwings (Crypt:3)
  17 merfolk
  7 wind drakes
  A merfolk (shapeshifter) (Abyss:3)
  Grinder (D:6)
  A troll (shapeshifter) (D:13)
  A tarantella (Lair:4)
  8 hornets
  A silent spectre (Abyss:3)
  A shadow dragon simulacrum (Crypt:1)
  12 raiju
  4 harpy skeletons
  2 ettin zombies (Crypt:3)
  7 snapping turtles
  10 dream sheep
  5 blink frogs (Lair:4)
  164 slime creatures
  A centaur simulacrum (Crypt:1)
  3 air elementals
  A flying skull (Abyss:3)
  56 yaks
  A slime creature (shapeshifter) (Vaults:5)
  6 spriggans
  2 ynoxinuls (Abyss:3)
  A shadow (D:12)
  An ice dragon skeleton (Crypt:1)
  11 water elementals
  An ettin skeleton (Crypt:3)
  4 jumping spiders (Crypt:3)
  An ushabti (Crypt:3)
  15 wraiths
  16 wyverns
  5 basilisks
  A fire bat (shapeshifter) (D:15)
  2 fire bats (Abyss:3)
  2 fire elementals
  2 golden eyes
  3 humans
  A neqoxec (Abyss:3)
  An elf zombie (Vaults:4)
  Eustachio (D:3)
  A steam dragon (D:9)
  3 vampire mosquitoes
  9 wargs
  Menkaure (D:5)
  9 redbacks
  A chaos spawn (Abyss:3)
  15 large abominations
  5 acid dragons
  A two-headed ogre zombie (Crypt:1)
  A skyshark zombie (Crypt:1)
  Edmund (D:4)
  39 nagas
  21 water moccasins
  A hydra simulacrum (IceCv)
  2 swamp drakes (Lair:5)
  3 floating eyes
  51 orc warriors
  A sky beast (D:6)
  A black bear (shapeshifter) (Elf:1)
  2 boggarts
  13 wolves
  3 ice beasts
  11 centaurs
  23 ogres
  A phantom (D:5)
  3 kobold brigands (D:9)
  4 gnoll sergeants
  9 small abominations
  12 bullfrogs
  3 scorpions
  A naga simulacrum (Crypt:1)
  4 necrophages
  A cane toad simulacrum (IceCv)
  10 wights
  3 earth elementals
  A cyclops skeleton (Crypt:1)
  9 wyvern skeletons (Crypt:3)
  An elephant simulacrum (IceCv)
  10 killer bees
  11 electric eels
  6 howler monkeys
  A crimson imp (D:13)
  4 lava snakes (Lair:4)
  A jelly (shapeshifter) (D:14)
  A quasit (Abyss:3)
  32 orc priests
  2 jellies (Lair:5)
  A hound (D:5)
  4 sleepcaps
  Natasha (thrice) (D:4)
  5 iguanas
  26 orc wizards
  A black bear skeleton (Crypt:1)
  A hell rat (Lair:1)
  A sky beast zombie (Crypt:2)
  An acid dragon zombie (Crypt:2)
  Robin (D:2)
  3 gnolls (D:5)
  4 adders
  An ufetubus (D:6)
  2 worms
  2 dart slugs
  143 orcs
  4 ball pythons
  5 endoplasms
  2 giant cockroaches (D:3)
  14 goblins
  8 hobgoblins
  7 jackals
  3 quokkas
  A river rat zombie (Crypt:2)
  A bat (D:3)
  A frilled lizard (D:1)
  25 kobolds
  3 rats
  A rat skeleton (Crypt:1)
  A lurking horror (Abyss:3)
  5 starspawn tentacles (Abyss:3)
  4 tentacles (Shoals:4)
2654 creatures vanquished.

Vanquished Creatures (collateral kills)
  Vv (Zot:3)
  A deep elf blademaster (Elf:3)
  An acid blob (Slime:5)
  A nagaraja (Snake:4)
  2 vault wardens (Vaults:4)
  A very ugly thing (Vaults:4)
  A deep elf annihilator (Elf:3)
  Fannar (D:11)
  A deep elf high priest (Elf:3)
  A salamander tyrant (Snake:4)
  A boulder beetle (Vaults:4)
  A naga sharpshooter (Snake:4)
  6 death yaks
  An ironbound convoker (Vaults:4)
  2 ugly things
  The ghost of Chodeload the Conjurer, a novice OpWn of Vehumet (D:8)
  A guardian serpent (Snake:4)
  A water nymph (Shoals:4)
  A cane toad (Lair:4)
  Sigmund (D:4)
  4 yaks
  A wraith (D:12)
  A steam dragon (D:8)
  An orc warrior (Orc:2)
  A killer bee (D:9)
  3 orc priests (Orc:2)
  A quokka (D:4)
39 creatures vanquished.

Vanquished Creatures (others)
  An anaconda (Snake:1)
  A vampire mage (Crypt:1)
  An orc high priest (D:13)
  A deep elf knight (Elf:1)
  A harpy (Shoals:1)
  A deep elf pyromancer (Elf:1)
  A cyclops (D:9)
  An ugly thing (D:12)
  A moth of wrath (shapeshifter) (Vaults:5)
  A vault sentinel (Vaults:5)
  A water nymph (Shoals:4)
  A guardian serpent (Snake:4)
  A naga mage (Snake:4)
  A fire elemental (Elf:1)
  An orc wizard (D:13)
  2 orcs
  A lurking horror (Abyss:3)
  7 starspawn tentacles (Abyss:3)
  5 tentacles (Shoals:4)
30 creatures vanquished.

Grand Total: 2723 creatures vanquished

Notes
Turn   | Place    | Note
-------+----------+-------------------------------------------
     0 | D:1      | snackwell the Demonspawn Artificer began the quest for the
                  | Orb.
     0 | D:1      | Reached XP level 1. HP: 15/15 MP: 1/1
   211 | D:1      | Reached skill level 1 in Dodging
   409 | D:1      | Gained mutation: You are partially covered in large bone
                  | plates. (SH +4) [demonic ancestry]
   409 | D:1      | Reached XP level 2. HP: 14/21 MP: 2/2
   520 | D:1      | Reached skill level 1 in Maces & Flails
  1073 | D:2      | Noticed Robin
  1105 | D:2      | Killed Robin
  1106 | D:2      | Reached skill level 2 in Fighting
  1106 | D:2      | Reached XP level 3. HP: 25/27 MP: 3/3
  1123 | D:2      | Identified the +3 scale mail "Ciysoe" {rElec rF- rC+ Str+3}
  1384 | D:2      | Identified the +8 sling of Excruciating Pain {speed, +Blink
                  | rN+ Int+2}
  1866 | D:3      | Gained mutation: You are mostly covered in large bone
                  | plates. (SH +6) [demonic ancestry]
  1866 | D:3      | Reached XP level 4. HP: 34/34 MP: 4/4
  1936 | D:3      | Found an ornate altar of the Wu Jian Council.
  2516 | D:4      | Noticed Eustachio
  2696 | D:3      | Killed Eustachio
  2697 | D:3      | Reached skill level 3 in Fighting
  2697 | D:3      | Reached skill level 1 in Ranged Weapons
  2697 | D:3      | Gained mutation: You regenerate a little health from kills.
                  | [demonic ancestry]
  2697 | D:3      | Reached XP level 5. HP: 6/41 MP: 5/5
  2881 | D:4      | Found a sparkling altar of Nemelex Xobeh.
  2929 | D:4      | Found a basalt altar of Yredelemnul.
  2943 | D:4      | Found a broken altar of Ashenzari.
  2987 | D:4      | Found a transporter.
  3002 | D:4      | Reached XP level 6. HP: 47/47 MP: 6/6
  3007 | D:4      | Noticed Edmund
  3011 | D:4      | Noticed Sigmund
  3023 | D:4      | Killed Sigmund
  3024 | D:4      | Reached skill level 4 in Fighting
  3219 | D:4      | Killed Edmund
  3220 | D:4      | Gained mutation: A meltable shield of frost defends you.
                  | (SH +4) [demonic ancestry]
  3220 | D:4      | Reached XP level 7. HP: 55/55 MP: 7/7
  3263 | D:4      | Found a transporter.
  3280 | D:4      | Found a large runed translucent door.
  3281 | D:4      | Found a large runed translucent door.
  3365 | D:4      | Noticed Natasha
  3367 | D:4      | Killed Natasha
  3454 | D:4      | Noticed Natasha
  3461 | D:4      | Killed Natasha
  3605 | D:4      | Found a hazy altar of Hepliaklqana.
  3608 | D:4      | Found a burning altar of Makhleb.
  3660 | D:4      | Became a worshipper of Nemelex Xobeh the Trickster
  3873 | D:4      | Reached skill level 1 in Invocations
  3878 | D:4      | Noticed Natasha
  3895 | D:4      | Killed Natasha
  3950 | D:5      | Entered Level 5 of the Dungeon
  4022 | D:5      | Reached skill level 5 in Fighting
  4216 | D:5      | Found a staircase to the Ecumenical Temple.
  4448 | D:5      | Gained mutation: A meltable icy envelope protects you from
                  | harm. (AC +8) [demonic ancestry]
  4448 | D:5      | Reached XP level 8. HP: 62/62 MP: 9/9
  4875 | D:5      | Noticed Menkaure
  4881 | D:5      | Killed Menkaure
  5084 | D:6      | Reached * piety under Nemelex Xobeh
  5130 | D:6      | Found a blossoming altar of Fedhas.
  5223 | D:6      | Noticed Grinder
  5237 | D:6      | Killed Grinder
  5238 | D:6      | Reached skill level 5 in Maces & Flails
  5261 | D:6      | Received a gift from Nemelex Xobeh
  5663 | D:6      | Received a gift from Nemelex Xobeh
  5672 | D:6      | Reached skill level 7 in Fighting
  5672 | D:6      | Reached skill level 5 in Ranged Weapons
  5672 | D:6      | Reached XP level 9. HP: 72/72 MP: 11/14
  5920 | D:7      | Found Buheg's Jewellery Shop.
  5993 | D:7      | Found Mybudar's Distillery.
  6144 | D:7      | Reached ** piety under Nemelex Xobeh
  6159 | D:7      | Found Juobby's Assorted Antiques.
  6172 | D:7      | Bought 2 fizzy black potions for 63 gold pieces
  6172 | D:7      | Bought a fizzy black potion for 31 gold pieces
  6172 | D:7      | Bought a fizzy cyan potion for 31 gold pieces
  6172 | D:7      | Bought a bubbling dark potion for 31 gold pieces
  6448 | D:8      | Found Zyori's Weapon Shop.
  6448 | D:8      | Noticed a +0 quick blade
  6448 | D:8      | Noticed a +0 demon blade
  6581 | D:8      | Reached XP level 10. HP: 80/80 MP: 15/15
  6638 | D:8      | Found Onink's Jewellery Emporium.
  6743 | D:8      | Found a runed translucent gate.
  6743 | D:8      | Found a runed translucent gate.
  6945 | D:8      | Found a runed translucent gate.
  6952 | D:8      | Reached skill level 8 in Fighting
  6969 | D:8      | Found Fimes's Magic Scroll Emporium.
  7046 | D:8      | Found Gajun's General Store.
  7046 | D:8      | Noticed Maggie
  7081 | D:8      | Killed Maggie
  7180 | D:8      | Found Zeomitid's Distillery.
  7211 | D:8      | Found an opulent altar of Gozag.
  7211 | D:8      | Noticed Chodeload's ghost (novice OpWn)
  7212 | D:8      | Received a gift from Nemelex Xobeh
  7244 | D:8      | Killed Chodeload's ghost
  7327 | D:9      | Found Zin's Purification Station.
  7488 | D:9      | Found Paumuog's Weapon Emporium.
  7569 | D:9      | Noticed a two-headed ogre
  7574 | D:10     | Entered Level 10 of the Dungeon
  7616 | D:10     | Killed a two-headed ogre
  7617 | D:10     | Reached skill level 5 in Armour
  7846 | D:9      | Upgraded the game from 0.31-a0-142-g31f6795574 to
                  | 0.31-a0-145-g046c7d2549
  7879 | D:9      | Gained mutation: A meltable icy envelope protects you from
                  | harm. (AC +8) [demonic ancestry]
  7879 | D:9      | Reached XP level 11. HP: 52/87 MP: 17/17
  8204 | D:9      | Found a staircase to the Lair.
  8223 | D:9      | Received a gift from Nemelex Xobeh
  8302 | D:9      | Reached skill level 9 in Fighting
  8302 | D:9      | Reached *** piety under Nemelex Xobeh
  8724 | D:10     | Received a gift from Nemelex Xobeh
  8786 | D:10     | Found an iron altar of Okawaru.
  9155 | D:11     | Noticed Fannar
  9169 | D:11     | Killed Fannar
  9437 | D:11     | Reached **** piety under Nemelex Xobeh
  9861 | D:11     | Found an iron altar of Okawaru.
 10075 | D:12     | Noticed a red ugly thing
 10075 | D:12     | Noticed a tengu warrior
 10075 | D:12     | Noticed a tengu warrior
 10079 | D:12     | Noticed a brown ugly thing
 10087 | D:12     | Killed a tengu warrior
 10088 | D:12     | Reached skill level 10 in Fighting
 10101 | D:12     | Killed a tengu warrior
 10103 | D:12     | Killed a brown ugly thing
 10143 | D:12     | Reached XP level 12. HP: 74/97 MP: 19/19
 10147 | D:12     | Noticed a seven-headed hydra
 10155 | D:12     | Reached skill level 10 in Invocations
 10157 | D:12     | Killed a seven-headed hydra
 10159 | D:12     | Paralysed by a floating eye for 3 turns
 10170 | D:12     | Paralysed by a floating eye for 3 turns
 10177 | D:12     | Paralysed by a floating eye for 3 turns
 10547 | D:12     | Paralysed by a floating eye for 3 turns
 10552 | D:12     | Reached skill level 5 in Evocations
 10598 | D:12     | Noticed a two-headed ogre
 10609 | D:12     | Killed a two-headed ogre
 10787 | D:12     | Found a staircase to the Orcish Mines.
 11311 | D:12     | Received a gift from Nemelex Xobeh
 11400 | D:12     | Reached skill level 11 in Fighting
 11611 | D:12     | Noticed Josephine
 11625 | D:12     | Killed Josephine
 12003 | Lair:1   | Entered Level 1 of the Lair of Beasts
 12239 | Lair:1   | Received a gift from Nemelex Xobeh
 12512 | Lair:1   | Found a runed translucent door.
 12836 | Lair:1   | Reached ***** piety under Nemelex Xobeh
 12868 | Lair:1   | Noticed a vampire mage
 12871 | Lair:1   | Killed a vampire mage
 12872 | Lair:1   | Reached XP level 13. HP: 93/106 MP: 21/21
 13152 | Lair:2   | Reached skill level 12 in Fighting
 13533 | Lair:2   | Received a gift from Nemelex Xobeh
 13616 | Lair:2   | Noticed Harold
 13619 | Lair:2   | Killed Harold
 14144 | Lair:3   | Identified the -2 pair of gloves of the Sunfish {Int+3}
 14349 | Lair:3   | Found a staircase to the Snake Pit.
 14378 | Lair:3   | Received a gift from Nemelex Xobeh
 14839 | Lair:3   | Found a staircase to the Shoals.
 15009 | Lair:3   | Noticed Nergalle
 15027 | Lair:3   | Killed Nergalle
 15253 | Lair:4   | Reached skill level 10 in Maces & Flails
 15276 | Lair:4   | Gained mutation: You are completely covered in large bone
                  | plates. (SH +8) [demonic ancestry]
 15276 | Lair:4   | Reached XP level 14. HP: 103/116 MP: 23/23
 15851 | Lair:4   | Received a gift from Nemelex Xobeh
 16422 | Lair:4   | Found a runed translucent door.
 16628 | Lair:4   | Identified the +4 whip of Ethereal Duty {heavy, rC+}
 16642 | Lair:4   | Found a runed translucent gate.
 16642 | Lair:4   | Found a runed translucent gate.
 16642 | Lair:4   | Found a runed translucent gate.
 16642 | Lair:4   | Found a runed translucent gate.
 16642 | Lair:4   | Found a runed translucent gate.
 16642 | Lair:4   | Found a runed translucent gate.
 16706 | Lair:5   | Entered Level 5 of the Lair of Beasts
 16750 | Lair:5   | Reached skill level 13 in Fighting
 17416 | Lair:5   | Found a staircase to the Slime Pits.
 17530 | Lair:5   | Received a gift from Nemelex Xobeh
 18098 | Lair:5   | Reached XP level 15. HP: 124/124 MP: 25/25
 18875 | Orc:1    | Entered Level 1 of the Orcish Mines
 19079 | Orc:1    | Received a gift from Nemelex Xobeh
 19286 | Orc:1    | Found Penufap's Distillery.
 19358 | Orc:2    | Entered Level 2 of the Orcish Mines
 20025 | Orc:2    | Received a gift from Nemelex Xobeh
 20036 | Orc:2    | Reached skill level 10 in Armour
 20295 | Orc:2    | Found Yfidgheb's Distillery.
 20306 | Orc:2    | Found Yjenoor's Armour Shoppe.
 20591 | Orc:2    | Noticed Rupert
 20603 | Orc:2    | Paralysed by Rupert for 5 turns
 20613 | Orc:2    | Rupert changed into Rupert the spark wasp
 20613 | Orc:2    | Noticed Rupert
 20613 | Orc:2    | Killed Rupert the spark wasp
 21100 | Orc:2    | Reached skill level 14 in Fighting
 21315 | Orc:2    | Found Veluud's Distillery.
 21480 | Orc:2    | Reached skill level 10 in Evocations
 21541 | Orc:2    | Found Kejibron's Armour Boutique.
 21746 | Orc:2    | Received a gift from Nemelex Xobeh
 21763 | Orc:2    | Found a staircase to the Elven Halls.
 22421 | D:8      | Bought the amulet of the Four Winds {rN+ Will+++ Clar} for
                  | 789 gold pieces
 22421 | D:8      | Found the amulet of the Four Winds {rN+ Will+++ Clar}
 22421 | D:8      | Bought the ring of the Nine Spines {rElec rPois EV+5 Int-5
                  | Dex+9} for 813 gold pieces
 22942 | D:13     | Reached skill level 15 in Invocations
 22956 | D:13     | Found a frozen archway.
 23011 | IceCv    | Entered an ice cave
 23024 | IceCv    | Found a transporter.
 23040 | IceCv    | Found a transporter.
 23516 | D:13     | Received a gift from Nemelex Xobeh
 23688 | D:13     | Identified the +7 rapier "Jischuv" {elec, rElec rPois rF+
                  | Str-3}
 24006 | D:13     | Found a runed translucent door.
 24132 | D:13     | Reached XP level 16. HP: 127/134 MP: 27/27
 24155 | D:13     | Found a gate to the Vaults.
 25079 | D:14     | Received a gift from Nemelex Xobeh
 25260 | D:14     | Reached ****** piety under Nemelex Xobeh
 25339 | D:14     | Found an ornate altar of the Wu Jian Council.
 25694 | D:15     | Entered Level 15 of the Dungeon
 26383 | D:15     | Found a staircase to the Depths.
 26823 | Snake:1  | Entered Level 1 of the Snake Pit
 26932 | Snake:1  | Received a gift from Nemelex Xobeh
 27621 | Snake:1  | Reached skill level 15 in Fighting
 27914 | Snake:1  | Found Upuck's Specific Store.
 28208 | Snake:1  | Received a gift from Nemelex Xobeh
 28433 | Snake:1  | Found Wuseso Siuro's General Store.
 30360 | Snake:2  | Received a gift from Nemelex Xobeh
 30418 | Snake:2  | Reached XP level 17. HP: 115/142 MP: 29/29
 31627 | Snake:3  | Found Sugekus's Armour Shop.
 31629 | Snake:3  | Found Qiar's Weapon Boutique.
 31632 | Snake:3  | Found Mopoy's Armour Shop.
 31654 | Snake:3  | Identified the +9 glaive of Xedghimi {elec, +Blink}
 31927 | Snake:3  | Found a runed translucent gate.
 31928 | Snake:3  | Found a runed translucent gate.
 31929 | Snake:3  | Found a runed translucent gate.
 31929 | Snake:3  | Noticed Drazool's ghost (adept SpHu)
 32033 | Snake:3  | Received a gift from Nemelex Xobeh
 32094 | Snake:3  | Reached skill level 1 in Shields
 32716 | Snake:4  | Entered Level 4 of the Snake Pit
 33148 | Snake:4  | Found Doqak's Distillery.
 33154 | Snake:4  | Received a gift from Nemelex Xobeh
 33155 | Snake:4  | Found Uggunifi's Magic Scroll Boutique.
 33155 | Snake:4  | Found Byrustrom's Jewellery Shop.
 33158 | Snake:4  | Found Xygoischiad's Antique Weapon Boutique.
 33187 | Snake:4  | Bought a scroll of blinking for 82 gold pieces
 33187 | Snake:4  | Bought a scroll of blinking for 82 gold pieces
 33482 | Snake:4  | Found Zaut's Magic Scroll Emporium.
 34239 | Snake:4  | Noticed Vashnia
 34300 | Snake:4  | Killed Vashnia
 34509 | Snake:4  | Identified the -1 long sword of Law {flame, rN+ Str+3 SInv}
 34817 | Snake:4  | Reached skill level 16 in Fighting
 35038 | Snake:4  | Got a serpentine rune of Zot
 35302 | Shoals:1 | Entered Level 1 of the Shoals
 35501 | Shoals:1 | Found a transporter.
 35501 | Shoals:1 | Found a transporter.
 35606 | Shoals:1 | Reached skill level 1 in Throwing
 35658 | Shoals:1 | Received a gift from Nemelex Xobeh
 35863 | Shoals:1 | Reached XP level 18. HP: 151/151 MP: 31/31
 35990 | Shoals:1 | Found a transporter.
 35997 | Shoals:1 | Found a transporter.
 36398 | Shoals:1 | Found a transporter.
 36404 | Shoals:1 | Found a transporter.
 36546 | Shoals:2 | Received a gift from Nemelex Xobeh
 37429 | Shoals:3 | Noticed Donald
 37449 | Shoals:3 | Killed Donald
 37469 | Shoals:3 | Received a gift from Nemelex Xobeh
 37922 | Shoals:3 | Received a gift from Nemelex Xobeh
 38243 | Shoals:4 | Entered Level 4 of the Shoals
 38350 | Shoals:4 | Noticed Polyphemus
 38380 | Shoals:3 | Killed Polyphemus
 40036 | Shoals:4 | Reached skill level 5 in Throwing
 40231 | Shoals:4 | Identified the +0 mace of Topneteu {heavy, Fragile Will+
                  | Str+3}
 40869 | Shoals:4 | Reached skill level 17 in Fighting
 40980 | Shoals:4 | Found Hos Wiw's Magic Scroll Emporium.
 40985 | Shoals:4 | Received a gift from Nemelex Xobeh
 40988 | Shoals:4 | Bought a scroll of blinking for 142 gold pieces
 41215 | Shoals:4 | Got a barnacled rune of Zot
 41728 | Elf:1    | Entered Level 1 of the Elven Halls
 41810 | Elf:1    | Noticed Louise
 42001 | Elf:1    | Killed Louise
 42328 | Snake:1  | Bought a scroll of enchant weapon for 97 gold pieces
 42448 | Snake:4  | Bought a scroll of enchant weapon for 82 gold pieces
 42652 | Shoals:4 | Bought a scroll of enchant weapon for 142 gold pieces
 42652 | Shoals:4 | Bought a scroll of enchant armour for 142 gold pieces
 42944 | Orc:2    | Bought a +2 kite shield of reflection for 333 gold pieces
 43388 | Elf:1    | Identified the +5 scale mail "Hiwat" {rElec rF++}
 43391 | Elf:1    | Gained mutation: You have a pair of small horns on your
                  | head. [demonic ancestry]
 43391 | Elf:1    | Reached XP level 19. HP: 160/161 MP: 32/32
 43417 | Elf:1    | Found a runed translucent gate.
 43417 | Elf:1    | Found a runed translucent gate.
 43417 | Elf:1    | Found a runed translucent gate.
 43417 | Elf:1    | Found a runed translucent gate.
 43417 | Elf:1    | Found a runed translucent gate.
 43427 | Elf:1    | Found a runed translucent gate.
 43445 | Elf:1    | Identified the +3 ring mail of Follow the Leader {*Corrode
                  | Dex+6}
 43556 | Elf:1    | You fall into a shaft and drop 1 floor!
 43556 | Elf:2    | Received a gift from Nemelex Xobeh
 43629 | Elf:2    | Reached skill level 15 in Maces & Flails
 43689 | Elf:2    | Identified the +0 robe "Idun Uzxyn" {rC- Str+5 Int-5}
 43985 | Elf:1    | Reached skill level 5 in Shields
 44204 | Elf:2    | Found an ancient bone altar of Kikubaaqudgha.
 44334 | Elf:2    | Reached XP level 20. HP: 168/168 MP: 33/33
 44366 | Elf:2    | Received a gift from Nemelex Xobeh
 44381 | Elf:2    | Noticed Agnes
 44393 | Elf:2    | Killed Agnes
 44614 | Elf:2    | Found a runed translucent gate.
 44615 | Elf:2    | Found a runed translucent gate.
 44615 | Elf:2    | Found a runed translucent gate.
 44825 | Elf:3    | Entered Level 3 of the Elven Halls
 44909 | Elf:3    | Received a gift from Nemelex Xobeh
 45406 | Elf:3    | Received a gift from Nemelex Xobeh
 45963 | Elf:3    | Identified the +7 chain mail of Emoisis {Drain rCorr
                  | Stlth+}
 46070 | Elf:3    | Identified the ring of Jaeh {rElec rN+ Str+2 Int-3 SInv}
 46264 | Elf:3    | Identified the +4 mace of Starshine {flame, rPois rC+}
 46293 | Elf:3    | Reached skill level 1 in Axes
 46298 | Elf:3    | Identified the ring "Qewo Vao" {Fire rPois Str-3 Slay+4
                  | SInv}
 46382 | Elf:3    | Identified the +8 scimitar "Jacearch" {drain, rPois rC-
                  | rCorr Int+2}
 46682 | Elf:3    | Identified the +3 short sword "Gulemor" {heavy, Dex+4}
 46952 | Orc:2    | Bought the scarf of Compression {repulsion, Drain Regen+
                  | SInv} for 280 gold pieces
 47231 | Vaults:1 | Entered Level 1 of the Vaults
 47528 | Vaults:1 | Reached skill level 5 in Axes
 47540 | Vaults:1 | Reached skill level 10 in Shields
 47565 | Vaults:1 | Gained mutation: You have a pair of horns on your head.
                  | [demonic ancestry]
 47565 | Vaults:1 | Reached XP level 21. HP: 176/176 MP: 34/34
 47745 | Vaults:1 | Found Qukaalyise's Book Shop.
 47876 | Vaults:1 | Received a gift from Nemelex Xobeh
 47956 | Vaults:1 | Received a gift from Nemelex Xobeh
 48429 | Vaults:2 | Identified a scroll of acquirement
 48430 | Vaults:2 | Acquired the +2 pair of gloves of Igha {rC+ Str+3 Int+3}
 48625 | Vaults:2 | Received a gift from Nemelex Xobeh
 49353 | Vaults:2 | Received a gift from Nemelex Xobeh
 49382 | Vaults:3 | Found a runed translucent gate.
 49382 | Vaults:3 | Found a runed translucent gate.
 49382 | Vaults:3 | Found a runed translucent gate.
 49383 | Vaults:3 | Noticed Ziugimmo's ghost (veteran AtMo)
 49393 | Vaults:3 | Found Uppigg's Antique Armour Emporium.
 49846 | Vaults:3 | Received a gift from Nemelex Xobeh
 49928 | Vaults:3 | Noticed Bai Suzhen
 49982 | Vaults:3 | Killed Bai Suzhen
 50035 | Vaults:3 | Found a staircase to the Crypt.
 50210 | Vaults:3 | Reached skill level 10 in Axes
 51032 | Vaults:4 | Received a gift from Nemelex Xobeh
 51438 | Vaults:4 | Gained mutation: You regenerate health from kills. [demonic
                  | ancestry]
 51438 | Vaults:4 | Reached XP level 22. HP: 144/183 MP: 35/35
 51607 | Vaults:4 | Received a gift from Nemelex Xobeh
 52035 | Vaults:4 | Identified the +1 leather armour of Aned {+Blink +Inv rC++}
 52904 | Snake:3  | Killed Drazool's ghost
 52908 | Snake:3  | Identified the +6 glaive of the Brewing Hero {heavy, *Noise
                  | rPois Dex+5 SInv}
 53747 | Slime:1  | Entered Level 1 of the Pits of Slime
 53747 | Slime:1  | Received a gift from Nemelex Xobeh
 53783 | Slime:1  | Gained mutation: You are clumsy. (Dex -2) [a shining eye]
 54018 | Slime:2  | Received a gift from Nemelex Xobeh
 54697 | Slime:3  | Received a gift from Nemelex Xobeh
 54780 | Slime:3  | Reached skill level 18 in Fighting
 55007 | Slime:4  | Noticed Dissolution
 55007 | Slime:4  | Received a gift from Nemelex Xobeh
 55018 | Slime:3  | Killed Dissolution
 55312 | Slime:5  | Entered Level 5 of the Pits of Slime
 55562 | Slime:5  | Gained mutation: You have sharp fingernails. [a shining
                  | eye]
 55601 | Slime:5  | Received a gift from Nemelex Xobeh
 55653 | Slime:4  | Gained mutation: Your magical capacity is low. (-10% MP) [a
                  | shining eye]
 55716 | Slime:4  | Gained mutation: Your spells are a little easier to cast,
                  | but a little less powerful. [a shining eye]
 55719 | Slime:4  | Gained mutation: You occasionally shout uncontrollably at
                  | your foes. [a shining eye]
 55777 | Slime:4  | Received a gift from Nemelex Xobeh
 56106 | Slime:5  | Gained mutation: You frequently scream uncontrollably at
                  | your foes. [a shining eye]
 56108 | Slime:5  | Gained mutation: Armour fits poorly on your strangely
                  | shaped body. [a shining eye]
 56110 | Slime:5  | Gained mutation: You are dopey. (Int -2) [a shining eye]
 56220 | Slime:5  | Found a viscous altar of Jiyva.
 56229 | Slime:5  | Noticed the Royal Jelly
 56504 | Slime:5  | Killed the Royal Jelly
 56812 | Slime:5  | Identified the +4 hand axe "Inosedgh" {heavy, Int+4}
 56816 | Slime:5  | Got a slimy rune of Zot
 56817 | Slime:5  | Identified the staff of death "Eryoxyig" {rN+ Will+ Str+2
                  | Int+2 Dex+3}
 56876 | Slime:5  | Identified the staff of conjuration "Fora" {rF+ rCorr}
 56885 | Slime:5  | Identified the +2 scale mail "Zocitouf" {SInv}
 56900 | Slime:5  | Identified the staff of air "Cuawiq" {rElec Will+ rCorr
                  | Int+3 Dex-4}
 56964 | Slime:5  | Identified the staff of conjuration "Anuytebe" {Str+2}
 57258 | Lair:1   | Lost mutation: Armour fits poorly on your strangely shaped
                  | body. [potion of mutation]
 57258 | Lair:1   | Lost mutation: You frequently scream uncontrollably at your
                  | foes. [potion of mutation]
 57258 | Lair:1   | Lost mutation: You occasionally shout uncontrollably at
                  | your foes. [potion of mutation]
 57258 | Lair:1   | Lost mutation: You have sharp fingernails. [potion of
                  | mutation]
 57258 | Lair:1   | Gained mutation: You occasionally lose the ability to read
                  | scrolls when taking damage. [potion of mutation]
 57259 | Lair:1   | Lost mutation: You are clumsy. (Dex -2) [potion of
                  | mutation]
 57259 | Lair:1   | Lost mutation: You occasionally lose the ability to read
                  | scrolls when taking damage. [potion of mutation]
 57312 | D:8      | Bought a scroll of butterflies for 56 gold pieces
 57660 | D:8      | Bought a ring of resist corrosion for 260 gold pieces
 57707 | D:7      | Bought a scroll of enchant armour for 262 gold pieces
 57948 | Snake:4  | Bought a scroll of enchant armour for 90 gold pieces
 58304 | Depths:1 | Entered Level 1 of the Depths
 58304 | Depths:1 | Noticed Aizul
 58331 | Depths:1 | Killed Aizul
 58336 | Depths:1 | Gained mutation: Your presence sometimes corrodes those you
                  | injure. [demonic ancestry]
 58336 | Depths:1 | Reached XP level 23. HP: 192/192 MP: 33/33
 58450 | Depths:1 | Reached skill level 19 in Fighting
 58502 | Depths:1 | Found a one-way gate to the infinite horrors of the Abyss.
 58607 | Depths:1 | Received a gift from Nemelex Xobeh
 58762 | Depths:1 | Identified the +7 flail of Peace {heavy, Int+6 Dex-5}
 58820 | Depths:1 | Found a runed translucent gate.
 58822 | Depths:1 | Found a runed translucent gate.
 58823 | Depths:1 | Found a runed translucent gate.
 58824 | Depths:1 | Noticed Cagrigri's ghost (adept TrMo)
 59086 | Depths:1 | Found a gateway to Hell.
 59091 | Depths:1 | Identified the +7 rapier of the Eternal Warrior {heavy,
                  | rPois Stlth+}
 59284 | Depths:2 | Found a one-way gateway to a ziggurat.
 59289 | Depths:2 | Noticed Asterion
 59305 | Depths:2 | Killed Asterion
 59334 | Depths:2 | Reached skill level 15 in Axes
 59345 | Depths:2 | Noticed the Enchantress
 59358 | Depths:1 | Killed the Enchantress
 59424 | Depths:2 | Reached skill level 15 in Shields
 59563 | Depths:2 | Noticed a juggernaut
 59576 | Depths:2 | Killed a juggernaut
 59713 | Depths:2 | Received a gift from Nemelex Xobeh
 59825 | Depths:2 | Got the Collected Works on Putrid Hoarfrost
 59882 | Depths:2 | Identified the ring "Kuatys Fion" {rPois Will- Int+7 SInv}
 59888 | Depths:2 | Learned a level 2 spell: Blink
 59891 | Depths:2 | Learned a level 2 spell: Passwall
 60051 | Depths:2 | Found a one-way gate leading to the halls of Pandemonium.
 60235 | Depths:3 | Noticed Jory
 60257 | Depths:3 | Killed Jory
 60409 | Depths:3 | Found Liulopta's Jewellery Shop.
 60409 | Depths:3 | Found Ezyqu's Book Shoppe.
 60415 | Depths:3 | Found Vucoag's Book Shoppe.
 60476 | Depths:3 | Found a corrupted altar of Lugonu.
 60559 | Depths:3 | Reached skill level 20 in Fighting
 60583 | Depths:3 | Noticed a juggernaut
 60604 | Depths:3 | Killed a juggernaut
 60687 | Depths:3 | Gained mutation: You have a pair of large horns on your
                  | head. [demonic ancestry]
 60687 | Depths:3 | Reached XP level 24. HP: 169/204 MP: 33/33
 60823 | Depths:3 | Received a gift from Nemelex Xobeh
 61264 | Depths:3 | Found a runed translucent door.
 61398 | Depths:3 | Bought a manual of Armour for 1600 gold pieces
 61431 | Depths:4 | Entered Level 4 of the Depths
 61570 | Depths:4 | Found a gate to the Realm of Zot.
 61610 | Depths:4 | Received a gift from Nemelex Xobeh
 62273 | Depths:4 | Noticed a juggernaut
 62289 | Depths:4 | Killed a juggernaut
 62604 | Depths:4 | Found a radiant altar of Vehumet.
 62958 | Vaults:5 | Entered Level 5 of the Vaults
 62958 | Vaults:5 | Received a gift from Nemelex Xobeh
 62968 | Vaults:5 | Reached skill level 15 in Armour
 63009 | Vaults:5 | Reached skill level 21 in Fighting
 63116 | Vaults:5 | Identified the ring of Fiyza {rF+ rCorr}
 63143 | Vaults:5 | Identified the +6 sling of Nyaninex {drain, rN+ rCorr
                  | Int-2}
 63272 | Vaults:5 | Noticed an ancient lich
 63286 | Vaults:5 | Killed an ancient lich
 63319 | Vaults:5 | Identified the +4 glaive "Guozul" {freeze, *Slow rPois rF+
                  | Dex+5}
 63385 | Vaults:5 | Identified the staff of air "Deafuz" {*Slow rElec rPois
                  | rN++ Str+2 Dex+2}
 63389 | Vaults:5 | Got Vacomo's Reference Book on Vicissitude
 63397 | Vaults:5 | Identified the +3 long sword "Trog's Indignation" {drain,
                  | Fly}
 63503 | Vaults:5 | Found Goduimios's Jewellery Boutique.
 63670 | Vaults:5 | Gained mutation: Your presence sometimes corrodes or
                  | deforms those you injure. [demonic ancestry]
 63670 | Vaults:5 | Reached XP level 25. HP: 201/215 MP: 33/33
 63723 | Vaults:5 | Noticed a dread lich
 63750 | Vaults:5 | Killed a dread lich
 63808 | Vaults:5 | Received a gift from Nemelex Xobeh
 64171 | Vaults:5 | Identified the +0 leather armour of the Valley of Death
                  | {rF- rN++ Int+5}
 64175 | Vaults:5 | Got a silver rune of Zot
 64192 | Vaults:5 | Identified the +3 troll leather armour "Atoyclec" {Regen+
                  | Dex+4}
 64615 | Vaults:5 | Identified the +4 war axe of Foolhardiness {flame, *Slow
                  | rElec rPois Int-3}
 65213 | Crypt:1  | Entered Level 1 of the Crypt
 65229 | Crypt:1  | Reached skill level 1 in Stealth
 65524 | Crypt:1  | Reached skill level 22 in Fighting
 65731 | Crypt:1  | Received a gift from Nemelex Xobeh
 65773 | Crypt:1  | Reached skill level 5 in Stealth
 66237 | Crypt:2  | Received a gift from Nemelex Xobeh
 66632 | Crypt:2  | Noticed Saint Roka
 66654 | Crypt:2  | Killed Saint Roka
 66887 | Crypt:3  | Entered Level 3 of the Crypt
 66917 | Crypt:3  | Reached skill level 1 in Translocations
 66920 | Crypt:3  | Reached skill level 1 in Transmutations
 66996 | Crypt:3  | Reached skill level 1 in Earth Magic
 67102 | Crypt:3  | Received a gift from Nemelex Xobeh
 67111 | Crypt:3  | Identified the +11 bardiche "Riokh" {flame, rElec Will+}
 67114 | Crypt:3  | Identified the +0 whip of Kismet {flame, rCorr Dex+6}
 67418 | Crypt:3  | Received a gift from Nemelex Xobeh
 67645 | Crypt:3  | Found a staircase to the Tomb.
 67752 | Crypt:3  | Received a gift from Nemelex Xobeh
 68001 | Crypt:3  | Found the +7 sceptre of Torment {pain, torment}
 68003 | Crypt:3  | Noticed an ancient lich
 68026 | Crypt:3  | Killed an ancient lich
 68140 | Crypt:3  | Reached skill level 1 in Necromancy
 68334 | Crypt:3  | Found an ancient bone altar of Kikubaaqudgha.
 68350 | Crypt:3  | Gained mutation: You can speak a Word of Chaos. [demonic
                  | ancestry]
 68350 | Crypt:3  | Reached XP level 26. HP: 226/226 MP: 33/33
 69052 | Zot:1    | Entered Level 1 of the Realm of Zot
 69254 | Zot:1    | Received a gift from Nemelex Xobeh
 69338 | Zot:1    | Reached skill level 5 in Necromancy
 69355 | Zot:1    | Noticed Wefy's ghost (legendary GnIE)
 69532 | Zot:1    | Found a runed translucent door.
 69633 | Zot:1    | Received a gift from Nemelex Xobeh
 69977 | Zot:1    | Gained mutation: Potions are less effective at restoring
                  | your health. [mutagenic glow]
 70044 | Zot:1    | Killed Wefy's ghost
 70045 | Zot:1    | Gained mutation: You are frail. (-10% HP) [mutagenic glow]
 70206 | Zot:1    | Acquired a manual of Dodging
 70208 | Zot:1    | Lost mutation: Your magical capacity is low. (-10% MP)
                  | [potion of mutation]
 70208 | Zot:1    | Lost mutation: Potions are less effective at restoring your
                  | health. [potion of mutation]
 70208 | Zot:1    | Gained mutation: You expend magic power (3 MP) to
                  | strengthen your wands. [potion of mutation]
 70208 | Zot:1    | Gained mutation: You have an increased reservoir of magic.
                  | (+10% MP) [potion of mutation]
 70209 | Zot:1    | Lost mutation: You have an increased reservoir of magic.
                  | (+10% MP) [potion of mutation]
 70209 | Zot:1    | Lost mutation: You are dopey. (Int -2) [potion of mutation]
 70209 | Zot:1    | Lost mutation: Your spells are a little easier to cast, but
                  | a little less powerful. [potion of mutation]
 70209 | Zot:1    | Gained mutation: You are somewhat resistant to further
                  | mutation. [potion of mutation]
 70210 | Zot:1    | Lost mutation: You expend magic power (3 MP) to strengthen
                  | your wands. [potion of mutation]
 70210 | Zot:1    | Lost mutation: You are somewhat resistant to further
                  | mutation. [potion of mutation]
 70210 | Zot:1    | Lost mutation: You are frail. (-10% HP) [potion of
                  | mutation]
 70210 | Zot:1    | Gained mutation: You have sharp toenails. [potion of
                  | mutation]
 70425 | Zot:2    | Reached skill level 5 in Translocations
 70659 | Zot:2    | Reached skill level 5 in Transmutations
 70835 | Zot:2    | Reached skill level 5 in Earth Magic
 70917 | Zot:2    | Reached skill level 10 in Dodging
 71383 | Zot:3    | Noticed Vv
 71405 | Zot:3    | Killed Vv
 71497 | Zot:3    | Received a gift from Nemelex Xobeh
 71909 | Zot:3    | Received a gift from Nemelex Xobeh
 72125 | Zot:2    | Reached skill level 23 in Fighting
 72331 | Zot:4    | Found a runed translucent gate.
 72331 | Zot:4    | Found a runed translucent gate.
 72331 | Zot:4    | Found a runed translucent gate.
 72332 | Zot:4    | Noticed Goplog's ghost (master TeAE)
 72661 | Zot:4    | Gained mutation: You regenerate a lot of health from kills.
                  | [demonic ancestry]
 72661 | Zot:4    | Reached XP level 27. HP: 208/235 MP: 37/37
 72744 | Zot:4    | Received a gift from Nemelex Xobeh
 73143 | Zot:5    | Entered Level 5 of the Realm of Zot
 73359 | Zot:5    | Received a gift from Nemelex Xobeh
 74053 | Orc:1    | Bought a potion of mutation for 128 gold pieces
 74053 | Orc:1    | Bought a potion of haste for 160 gold pieces
 74053 | Orc:1    | Bought a potion of haste for 160 gold pieces
 74125 | Orc:2    | Bought a potion of mutation for 96 gold pieces
 74125 | Orc:2    | Bought a potion of heal wounds for 60 gold pieces
 74125 | Orc:2    | Bought a potion of haste for 120 gold pieces
 74125 | Orc:2    | Bought 2 potions of mutation for 192 gold pieces
 74125 | Orc:2    | Bought a potion of haste for 120 gold pieces
 74125 | Orc:2    | Bought a potion of haste for 120 gold pieces
 74659 | Zot:5    | Noticed an orb of fire
 74662 | Zot:5    | Noticed an orb of fire
 74674 | Zot:4    | Gained mutation: You are clumsy. (Dex -2) [an orb of fire]
 74675 | Zot:4    | Gained mutation: You are vulnerable to heat. (rF-) [an orb
                  | of fire]
 74688 | Zot:4    | Killed an orb of fire
 74978 | Zot:5    | Noticed a dread lich
 74995 | Zot:5    | Killed a dread lich
 75005 | Zot:5    | Noticed an orb of fire
 75027 | Zot:5    | Killed an orb of fire
 75032 | Zot:5    | Noticed an orb of fire
 75046 | Zot:5    | Gained mutation: You do not regenerate when monsters are
                  | visible. [an orb of fire]
 75059 | Zot:5    | Killed an orb of fire
 75092 | Zot:5    | Noticed a dread lich
 75172 | Zot:4    | Lost mutation: You do not regenerate when monsters are
                  | visible. [potion of mutation]
 75172 | Zot:4    | Lost mutation: You are vulnerable to heat. (rF-) [potion of
                  | mutation]
 75172 | Zot:4    | Gained mutation: Your muscles are strong. (Str +4, Int/Dex
                  | -1) [potion of mutation]
 75236 | Zot:5    | Killed a dread lich
 75450 | Zot:5    | Received a gift from Nemelex Xobeh
 75555 | Zot:5    | Reached skill level 24 in Fighting
 75787 | Depths:3 | Voluntarily entered the Abyss.
 75816 | Abyss:1  | Found a corrupted altar of Lugonu.
 75827 | Abyss:1  | Found a corrupted altar of Lugonu.
 75885 | Abyss:2  | Found a corrupted altar of Lugonu.
 76084 | Abyss:2  | Found a corrupted altar of Lugonu.
 76085 | Abyss:2  | Found a corrupted altar of Lugonu.
 76085 | Abyss:2  | Found a corrupted altar of Lugonu.
 76122 | Abyss:2  | Received a gift from Nemelex Xobeh
 76172 | Abyss:3  | Found a corrupted altar of Lugonu.
 76265 | Abyss:3  | Reached skill level 15 in Dodging
 76332 | Abyss:3  | Received a gift from Nemelex Xobeh
 76419 | Abyss:3  | Received a gift from Nemelex Xobeh
 76581 | Abyss:3  | Found a corrupted altar of Lugonu.
 76635 | Abyss:3  | Found a corrupted altar of Lugonu.
 76733 | Abyss:3  | Received a gift from Nemelex Xobeh
 76845 | Abyss:3  | Noticed a dread lich
 77168 | Abyss:3  | Got an abyssal rune of Zot
 77237 | Abyss:3  | Received a gift from Nemelex Xobeh
 77281 | Depths:3 | Escaped the Abyss
 77517 | Zot:5    | Got the Orb of Zot
 77565 | Zot:3    | Noticed Iskoof the pandemonium lord
 77592 | Zot:3    | Killed Iskoof the pandemonium lord
 77817 | Depths:2 | Gained mutation: You are vulnerable to heat. (rF-) [a
                  | cacodemon]
 78166 | D:2      | Noticed Foteud the pandemonium lord
 78250 | D:$      | Escaped with the Orb!

Illustrated notes

Levels and vault maps discovered:
D:1:      saegor_arrival_simple_a, layout_loops_corners, minmay_tromino_i2
D:2:      layout_basic, uniq_robin
D:3:      layout_loops_ring, mainiacjoe_overflow_catwalk,
          mainiacjoe_overflow_concentric_impassable
D:4:      gammafunk_steamed_eel, layout_gridville, nicolae_ashenzari_panopticon,
          jmf_multi_god_temple2, mainiacjoe_overflow_catch_the_wave,
          uniq_natasha, uniq_edmund, uniq_eustachio, uniq_sigmund
D:5:      layout_basic, minmay_temple_entry_mini_moons, uniq_menkaure
D:6:      layout_basic, general_overflow_altar, minivault_23,
          hangedman_abyss_or_decor_stabs, minmay_misc_feat_enclosed,
          uniq_grinder
D:7:      layout_rooms, serial_shops, shop, nicolae_stop_n_shop_2,
          nicolae_shop_waterfront
D:8:      layout_rooms, ebering_ghost_gozag, serial_shops,
          nicolae_shop_rolling_square, nicolae_shop_tiny_real_fake_doors, shop,
          nicolae_shop_mannequins, kennysheep_mini, minmay_increasing_density,
          uniq_maggie
D:9:      nzn_winding_woodlands_three_and_one
          [nzn_winding_woodlands_5x15_river_crossing,
          nzn_winding_woodlands_5x15_sidewinder, nzn_winding_woodlands_5x15_eye,
          nzn_winding_woodlands_center_lodge], layout_cave_pools, zin_purify,
          erik_lair_orcish_takeover, serial_shops, kennysheep_mini_moat,
          minmay_misc_feat_pillars, dreamdust_princess_bridge
D:10:     layout_cave_pools, amcnicky_altar_gilded
D:11:     layout_loops_ring, minivault_27, okawaru_ov_weapons_minmay,
          uniq_fannar
D:12:     layout_basic, minmay_orc_entry_temple_small, onia_ninara_cookie,
          uniq_josephine
D:13:     layout_basic, hangedman_vaults_entry_quadrant_bands, serial_glass,
          glass_columns_a, glass_columns_a, minmay_strange_pillars,
          item_on_display_b, portal_ice_cave_entry_animals_and_master,
          minmay_misc_feat_tower, chequers_serial_rivers_small_3,
          hangedman_stone_soup, lightli_church_of_beogh
D:14:     layout_basic, nicolae_wu_jian_wuxing_cycle, minmay_fractal_squares_5
D:15:     gammafunk_enter_depths_forms, layout_basic
Lair:1:   layout_regular_city, pdpol_lair_cabin_in_the_woods
Lair:2:   layout_long_grid, uniq_harold
Lair:3:   layout_gridlike, minmay_shoals_entry_hut,
          minmay_snake_entry_guardpost_medium, chequers_serial_rivers_micro_a,
          uniq_nergalle
Lair:4:   gammafunk_indiana_jones, layout_loops_ring, grunt_megastairs_5,
          infiniplex_staircase_pool_2
Lair:5:   hangedman_lair_tendril_chambers, layout_loops_ring,
          guppyfry_lair_end_dragon, minmay_slime_entry_pillars
Shoals:1: layout_shoals, serial_nicolae_subway, nicolae_sub_station_metal,
          nicolae_sub_station_crystal, nicolae_sub_station_stone
Shoals:2: layout_shoals
Shoals:3: layout_shoals, nicolae_shoals_lost_giant_amphitheater,
          nicolae_shoals_gull_way, uniq_donald
Shoals:4: shoals_end_hangedman, layout_shoals, serial_shops, shop_statue,
          uniq_polyphemus
Snake:1:  layout_grid_maze, nicolae_specific_store
Snake:2:  layout_honeycomb, grunt_megastairs_2
Snake:3:  layout_chambers, ebering_ghost_rock_garden, minmay_shop_star
Snake:4:  grunt_snake_rune_serpentine_throne, layout_layer_cave, serial_shops,
          shop, minmay_shoptagon
Slime:1:  layout_caves
Slime:2:  layout_caves
Slime:3:  layout_caves
Slime:4:  layout_caves, dissolution_awaits
Slime:5
Orc:1:    layout_caves, serial_shops, nicolae_shop_rolling_square
Orc:2:    pubby_orc_utopia, uniq_rupert
Elf:1:    minmay_elf_arrival_summoners, layout_loops_cross, orc_legates,
          uniq_louise
Elf:2:    nicolae_elf_blades_crystal_corner, layout_onion_city, basic_altar,
          uniq_agnes
Elf:3:    minmay_elf_hall_furrowed, layout_loops_ring, serial_sigils,
          serial_sigils_hangedman_quiver, serial_sigils_hangedman_writhe,
          serial_sigils_hangedman_clutch, serial_sigils_hangedman_snap,
          serial_sigils_hangedman_carve
Vaults:1: nicolae_vaults_rhombus_6, vaults_room_hallway,
          hangedman_vaults_stitches, nicolae_vaults_tetromino_Z_2, v_misc_2,
          vaults_room_door_hall, vaults_room_semicircle, v_misc_22,
          nicolae_vaults_diamond_2, layout_vaults_big_room, serial_shops,
          nicolae_book_shop_shelving
Vaults:2: nicolae_vaults_thirteen_compartments, ontoclasm_vaults_bender,
          vaults_standard_mumra_x, nicolae_vaults_closet_pinwheel_4,
          ontoclasm_vaults_loading_screen, nicolae_vaults_sightless_eye,
          v_misc_9, nicolae_vaults_yaktaur_gun_rack, v_misc_8, vaults_mumra_hex,
          nicolae_vaults_diamond_1, layout_vaults_omnicross
Vaults:3: ebering_ghost_rock_garden, hangedman_vaults_capsules,
          nicolae_vaults_offset_grid_hallway_4, ontoclasm_vaults_gateway,
          nicolae_vaults_arrows, minmay_crypt_entry_nasty_monster,
          nicolae_vaults_specimen_jars, layout_vaults_omnigrid, serial_shops,
          shop, uniq_bai_suzhen, uniq_margery
Vaults:4: nicolae_vaults_what_the_h, v_alt_pattern_6, st_star,
          nicolae_vaults_spaceships, nicolae_vaults_network_s,
          dpeg_vaults_monster_box, v_pattern_1, nicolae_vaults_tetromino_L_1,
          nicolae_vaults_tetromino_L_1, vaults_dpeg_diagonal,
          ontoclasm_vaults_ring_small, layout_vaults_omnibox
Vaults:5
Crypt:1:  layout_chaotic_city
Crypt:2:  layout_chaotic_city, uniq_saint_roka
Crypt:3:  evilmike_haunted_forest
Depths:1: layout_cave_shapes, ebering_ghost_rock_garden, lightli_too_deep,
          abyss_entry, minmay_misc_feat_room, minmay_mirror_moons_of_madness,
          uniq_aizul
Depths:2: nicolae_cairo_tiling_large, layout_cave_shapes, enter_ziggurat_e,
          hell_entry, pan_entry, minmay_multi_spiral,
          infiniplex_staircase_pillars_2, uniq_enchantress, uniq_asterion
Depths:3: minmay_the_grid_3x2 [minmay_the_grid_minigrid_medium,
          minmay_the_grid_box_x, minmay_the_grid_x, minmay_the_grid_eight,
          minmay_the_grid_diamond_grid, minmay_the_grid_prize_four_corners],
          layout_cave_shapes, abyss_entry_flame_altar, hell_entry,
          lemuel_angel_altar, infiniplex_staircase_zigzag_5, minmay_shop_grove,
          serial_bayou_shore_b, uniq_jory
Depths:4: grunt_zot_entry_alcove, layout_small_grid, reono_crystal_passage,
          grunt_hell_entry_dis_grunt, hangedman_decor_points,
          minmay_misc_feat_alley, fiery_altar_vehumet
Zot:1:    layout_misc_corridors, hellmonk_ghost_happy_afterlife
Zot:2:    layout_concentric_octagons, hangedman_zot_gyre
Zot:3:    layout_misc_corridors, skrybe_zot_glass_1, grunt_megastairs_1,
          uniq_josephina, uniq_vv
Zot:4:    layout_basic, gammafunk_ghost_split
Zot:5:    layout_basic

Skill      XL: |  1  2  3  4  5  6  7  8  9 10 11 12 13 14 15 16 17 18 19 20 21 22 23 24 25 26 27 |
---------------+----------------------------------------------------------------------------------+-----
Dodging        | 1 2 3 6 7 8 9 11 15 | 15.6
Maces & Flails | 1 3 4 6 7 8 9 10 11 12 13 14 15 | 15.5
Fighting       | 2 3 4 5 7 8 10 11 12 13 14 15 16 17 18 20 21 22 23 24 | 24.9
Ranged Weapons | 1 2 5 6 |  6.3
Invocations    | 2 7 8 9 11 12 13 15 16 18 19 20 21 | 21.3
Armour         | 4 5 6 7 8 9 10 11 12 13 16 18 | 18.6
Evocations     | 4 6 7 9 10 11 12 | 12.0
Shields        | 3 7 10 12 14 15 17 | 17.7
Throwing       | 1 5 |  5.8
Axes           | 5 11 14 15 | 15.3
Stealth        | 8 |  8.1
Translocations | 3 6 8 |  8.0
Transmutations | 3 6 8 |  8.0
Earth Magic    | 3 6 8 |  8.0
Necromancy     | 2 9 |  9.0

Action                     |  1- 3 |  4- 6 |  7- 9 | 10-12 | 13-15 | 16-18 | 19-21 | 22-24 | 25-27 || total
---------------------------+-------+-------+-------+-------+-------+-------+-------+-------+-------++-------
  Melee: Whip              |   112 |       |       |       |       |       |       |       |       ||   112
         Great mace        |       |     8 |     7 |   535 |  1408 |  1681 |       |       |       ||  3639
         Eveningstar       |       |       |       |       |       |       |   720 |   309 |    13 ||  1042
         Headbutt          |       |       |       |       |       |       |   367 |   753 |  1005 ||  2125
         Broad axe         |       |       |       |       |       |       |   329 |  1721 |  2668 ||  4718
   Fire: Sling             |    29 |    67 |   202 |   367 |   747 |  1182 |   265 |   512 |   466 ||  3837
  Throw: Dart              |     5 |     4 |       |     2 |       |       |       |       |       ||    11
         Javelin           |       |       |       |       |     3 |       |     5 |    11 |    25 ||    44
         Throwing net      |       |       |       |       |       |       |       |     3 |       ||     3
   Cast: Passwall          |       |       |       |       |       |       |       |       |    16 ||    16
 Invoke: Draw Destruction  |       |       |       |    11 |     9 |    13 |     8 |     8 |    11 ||    60
         Draw Summoning    |       |       |       |     3 |     6 |     3 |     4 |     3 |     5 ||    24
         Draw Escape       |       |       |       |     1 |     1 |     3 |     3 |     2 |       ||    10
         Draw Stack        |       |       |       |       |     2 |       |       |       |       ||     2
         Triple Draw       |       |       |       |       |     1 |       |       |       |       ||     1
         Deal Four         |       |       |       |       |     1 |       |       |       |       ||     1
         Stack Five        |       |       |       |       |     1 |       |       |       |       ||     1
Ability: Evoke Blink       |       |       |       |       |     2 |     1 |       |     2 |       ||     5
  Evoke: Wand              |     2 |     8 |    10 |    26 |     7 |    10 |     1 |    10 |     8 ||    82
         Lightning rod     |       |       |       |       |       |     2 |     4 |       |     2 ||     8
         Condenser vane    |       |       |       |       |       |       |     1 |     1 |       ||     2
    Use: Scroll            |       |     6 |    12 |     6 |     8 |    14 |     5 |     7 |    11 ||    69
         Potion            |       |       |     1 |     1 |     2 |     2 |     2 |     7 |    14 ||    29
   Stab: Confused          |       |       |       |       |     2 |       |       |       |       ||     2
         Petrified         |       |       |       |       |       |     3 |       |       |       ||     3
         Held in net/web   |       |       |       |       |       |       |       |     2 |       ||     2
         Distracted        |       |       |       |       |       |       |       |     1 |     6 ||     7
         Sleeping          |       |       |       |       |       |       |       |       |     3 ||     3
 Armour: Ring mail         |    33 |    24 |       |       |       |       |       |       |       ||    57
         Leather armour    |       |       |     9 |       |       |       |       |       |       ||     9
         Swamp dragon scal |       |       |       |   156 |   194 |       |       |       |       ||   350
         Scale mail        |       |       |       |    13 |    13 |       |       |       |       ||    26
         Fire dragon scale |       |       |       |       |   142 |   584 |   183 |   169 |   269 ||  1347
         Ice dragon scales |       |       |       |       |    16 |       |       |       |       ||    16
         Acid dragon scale |       |       |       |       |       |       |       |    56 |       ||    56
  Dodge: Dodged            |    55 |    31 |    31 |   519 |  1402 |  1975 |   445 |   646 |   792 ||  5896
         Repelled          |       |       |       |       |       |       |     6 |    42 |    50 ||    98
  Block: Other             |     5 |     6 |    14 |   328 |   963 |  1347 |       |       |       ||  2663
         Kite shield       |       |       |       |       |       |     5 |  1031 |  1648 |  2062 ||  4746
         Reflection        |       |       |       |       |       |     3 |    96 |    53 |    55 ||   207

Table legend: (Time is in decaauts)
 A = Elapsed time spent in this place.
 B = Non-inter-level travel time spent in this place.
 C = Inter-level travel time spent in this place.
 D = Time resting spent in this place.
 E = Time spent auto-exploring this place.
 F = Levels seen in this place.
 G = Mean time per level.
                   A        B        C        D        E       F      G
               +--------+--------+--------+--------+--------+-----+--------+
         Total |  75716 |  64910 |  10806 |   7440 |  35332 |  59 | 1283.3 |
       Dungeon |  19290 |  15442 |   3848 |   1670 |   9741 |  15 | 1286.0 |
          Lair |   8237 |   6666 |   1571 |    533 |   3790 |   5 | 1647.4 |
        Shoals |   6632 |   6183 |    449 |   1683 |   2453 |   4 | 1658.0 |
     Snake Pit |   8753 |   7870 |    883 |   1095 |   4523 |   4 | 2188.2 |
    Slime Pits |   3060 |   2808 |    252 |    216 |   1443 |   5 |  612.0 |
  Orcish Mines |   4314 |   3524 |    790 |    815 |   1482 |   2 | 2157.0 |
   Elven Halls |   3827 |   3585 |    242 |    576 |   1856 |   3 | 1275.7 |
        Vaults |   6671 |   6116 |    555 |    110 |   4109 |   5 | 1334.2 |
         Crypt |   3145 |   2872 |    273 |     63 |   1395 |   3 | 1048.3 |
        Depths |   4755 |   3637 |   1118 |     65 |   2221 |   4 | 1188.8 |
           Zot |   5624 |   4804 |    820 |    439 |   2177 |   5 | 1124.8 |
         Abyss |   1270 |   1270 |      0 |    156 |    139 |   3 |  423.3 |
      Ice Cave |    133 |    133 |      0 |     15 |      0 |   1 |  133.0 |
               +--------+--------+--------+--------+--------+-----+--------+

Top non-repeatable levels by time:
   Orc:2: 3524 daAuts
 Snake:1: 2921 daAuts
    D:12: 2815 daAuts
Shoals:4: 2699 daAuts
 Snake:4: 2643 daAuts
  Lair:4: 1968 daAuts
    D:13: 1938 daAuts
  Lair:5: 1808 daAuts
 Snake:2: 1767 daAuts
 Crypt:3: 1675 daAuts
    D:15: 1664 daAuts
Vaults:3: 1662 daAuts
   Elf:3: 1643 daAuts
Shoals:3: 1639 daAuts
  Lair:3: 1588 daAuts
